 Dungeon Sprint DCSS version 0.17-a0-2208-ge5ab1d3 (webtiles) character file.

11 esc the Chucker (level 2, -3/32 HPs)
             Began as an Ogre Hunter on Oct 26, 2015.
             Slain by a human (6 damage)
             ... in the Dungeon (Sprint III: "The Ten Rune Challenge").
             The game lasted 00:01:06 (265 turns).

esc the Chucker (Ogre Hunter)                        Turns: 265, Time: 00:01:06

Health: -3/32      AC:  3    Str: 16    XL:     2   Next: 25%
Magic:  2/2        EV: 10    Int: 10    God:
Gold:   0          SH:  0    Dex: 10    Spells: 0 memorised, 1 level left

rFire  . . .     SeeInvis .     c - +0 short sword
rCold  . . .     Clarity  .     d - +0 robe
rNeg   . . .     SustAt   .     (no shield)
rPois  .         Gourm    .     (helmet restricted)
rElec  .         Spirit   .     (no cloak)
rCorr  .         Warding  .     (gloves unavailable)
rMut   .         NoTele   +     (boots unavailable)
MR     .....                    (no amulet)
Stlth  +.........               (no ring)
                                (no ring)

@: not resistant to hostile enchantments, very unstealthy
A: unfitting armour, tough skin 1
a: no special abilities


You were in the Dungeon.
You were not hungry.

You visited 1 branch

Inventory:

Hand Weapons
 c - a +0 short sword (weapon)
Missiles
 b - 2 throwing nets {=f, !d}
Armour
 d - a +0 robe (worn)
Scrolls
 k - a scroll of blinking {!r}
Potions
 f - a potion of curing
 g - a potion of heal wounds
 h - a potion of haste
 i - 3 potions of magic
 j - a potion of berserk rage {!q}
Comestibles
 e - a bread ration {@e1}
 l - a royal jelly


   Skills:
 + Level 4.1 Fighting
 + Level 4.7 Throwing
 + Level 2.9 Dodging
 - Level 0.7 Stealth


You had one spell level left.
You didn't know any spells.

Dungeon Overview and Level Annotations

Branches:
Dungeon (1/1)

Altars:

Annotations:
D Jessica


Innate Abilities, Weirdness & Mutations

You are too large for most types of armour.
You have tough skin (AC +1).


Message History

The ooze hits you.
You take 1 damage, and have 14/23 hp.
You hit the ooze. The ooze barely misses you.
You hit the ooze but do no damage. The ooze hits you but does no damage.
You hit the ooze but do no damage. The ooze hits you.
You take 1 damage, and have 13/23 hp.
You hit the ooze. The ooze hits you. The ooze barely misses you.
You take 1 damage, and have 12/23 hp.
You hit the ooze but do no damage. The ooze closely misses you.
You hit the ooze. The ooze hits you.
You take 1 damage, and have 11/23 hp.
You hit the ooze.
You kill the ooze!
Your Fighting skill increases to level 4!
You have reached level 2!
You regained 3 hp, and now have 14/32 hp.
MP restored: 2 You start resting.
Health restored: 32
i - 3 potions of magic (gained 1)
You open the door.
A rat comes into view.
You hit the rat.
You kill the rat!
Jessica the Apprentice Sorceress comes into view.
There is an open door here.
Aim: Jessica, wearing a robe (resting)
You throw a large rock {!d}. The large rock {!d} hits Jessica!
Jessica shouts!
Jessica casts a spell.
Jessica blinks!
Aim: Jessica, wearing a robe (severely wounded)
You throw a large rock {!d}.
The large rock {!d} barely misses Jessica.
Jessica zaps a wand.
Jessica looks slightly unstable.
It is a wand of teleportation.
Aim: Jessica, wearing a robe and carrying a wand of teleportation {zapped: 1} (severely wounded, hasn't noticed you)
You throw a large rock {!d}.
The large rock {!d} closely misses Jessica.
Jessica shouts!
Jessica drinks a potion.
Jessica suddenly seems more agile.
Aim: Jessica, wearing a robe and carrying a wand of teleportation {zapped: 1} (severely wounded, unusually agile)
You throw a large rock {!d}.
The large rock {!d} closely misses Jessica.
Aim: Jessica, wearing a robe and carrying a wand of teleportation {zapped: 1} (severely wounded, unusually agile)
You throw a large rock {!d}. The large rock {!d} misses Jessica.
Jessica zaps a wand.
Nothing appears to happen.
You hit Jessica.
Jessica disappears!
a - a large rock {!d}
l - a royal jelly
a - 5 large rocks {!d} (gained 4)
You open the door.
There is an open door here.
A human comes into view.
The human shouts!
There is an open door here.
There is an open door here.
Aim: a human You throw a large rock {!d}.
The large rock {!d} hits the human.
Aim: a human (lightly wounded)
You throw a large rock {!d}.
The large rock {!d} closely misses the human.
Okay, then.
Aim: a human (lightly wounded)
You throw a large rock {!d}.
The large rock {!d} hits the human but does no damage.
You hit the human. The human barely misses you.
You closely miss the human. The human barely misses you.
You barely miss the human. The human hits you!
You take 7 damage, and have 25/32 hp.
MASSIVE DAMAGE!!
You closely miss the human. The human barely misses you.
You closely miss the human. The human hits you but does no damage.
You hit the human. The human hits you.
You take 3 damage, and have 23/32 hp.
You barely miss the human. The human barely misses you.
You hit the human but do no damage. The human hits you.
You take 3 damage, and have 20/32 hp.
You hit the human. The human closely misses you.
You hit the human but do no damage. The human hits you!
You take 8 damage, and have 12/32 hp.
MASSIVE DAMAGE!!
Aim: a human (moderately wounded)
You throw a large rock {!d}.
The large rock {!d} closely misses the human.
The human barely misses you.
Aim: a human (moderately wounded)
You throw a large rock {!d}. The large rock {!d} hits the human!
The human hits you.
* * * LOW HITPOINT WARNING * * *
You take 5 damage, and have 7/32 hp.
You miss the human. The human hits you.
* * * LOW HITPOINT WARNING * * *
You take 4 damage, and have 3/32 hp.
You hit the human. The human misses you.
You hit the human. The human barely misses you. The human barely misses you.
You hit the human but do no damage. The human hits you.
You die...

▓▓▓▓ ▓<.# ▓..#
▓#'####....♣.
▓.....#....≈♣♣♣
▓.....#...≈≈♣..♣
▓....@#..≈≈≈≈♣.♣
▓####p#..≈≈≈≈≈≈♣
▓...(.#.≈≈≈≈≈≈..
▓.....#.≈≈≈≈≈...
▓....(#.≈≈≈.....
▓(#####.........
▓(....p.........
▓▓▓▓▓▓▓▓▓▓▓▓▓▓▓▓


You could see a human.

Vanquished Creatures
  2 oozes (D)
  A rat (D)
3 creatures vanquished.

Vanquished Creatures (others)
  2 draconian scorchers (D)
  2 yaktaurs (D)
  A plant (D)
5 creatures vanquished.

Grand Total: 8 creatures vanquished

Notes
Turn   | Place    | Note
--------------------------------------------------------------
     0 | D        | esc the Ogre Hunter began the quest for the Orb.
     0 | D        | Reached XP level 1. HP: 22/22 MP: 1/1
     8 | D        | Reached skill level 3 in Fighting
     8 | D        | Reached skill level 2 in Dodging
    15 | D        | Reached skill level 4 in Fighting
    15 | D        | Reached XP level 2. HP: 14/32 MP: 2/2
    73 | D        | Killed a yaktaur
    74 | D        | Killed a yaktaur
   167 | D        | Killed a white draconian scorcher
   201 | D        | Noticed Jessica
   234 | D        | Killed a white draconian scorcher
   261 | D        | HP: 7/32 [human (5)]
   262 | D        | HP: 3/32 [human (5)]
   265 | D        | Slain by a human

Vault maps used:
D:        dungeon_sprint_mu

Action                   || total
-------------------------++-------
Melee: Short sword       ||    29
Throw: Large rock        ||    10

Vault maps used:
D:        dungeon_sprint_mu

Table legend:
 A = Turns spent in this place as a percentage of turns spent in the entire game.
 B = Non-inter-level travel turns spent in this place as a percentage of non-inter-level travel turns spent in the entire game.
 C = Inter-level travel turns spent in this place as a percentage of turns spent in this place.
 D = Turns resting spent in this place as a percentage of non-inter-level travel turns spent in this place.
 E = Turns spent auto-exploring this place as a percentage of non-inter-level travel turns spent in this place.
 F = Non-inter-level travel turns spent in this place divided by the number of levels of this place that you've seen.
                   A       B       C       D       E      F
               +-------+-------+-------+-------+-------+----------------------
         Total | 100.0 | 100.0 |   0.0 |   2.3 |   0.0 |  86.0
       Dungeon | 100.0 | 100.0 |   0.0 |   2.3 |   0.0 |  86.0
               +-------+-------+-------+-------+-------+----------------------

Table legend:
 A = Kills in this place as a percentage of kills in entire the game.
 B = Kills by you in this place as a percentage of kills by you in the entire game.
 C = Kills by friends in this place as a percentage of kills by friends in the entire game.
 D = Other kills in this place as a percentage of other kills in the entire game.
 E = Experience gained in this place as a percentage of experience gained in the entire game.
 F = Experience gained in this place divided by the number of levels of this place that you have seen.
                   A       B       C       D       E      F
               +-------+-------+-------+-------+-------+----------------------
         Total | 100.0 | 100.0 |  -nan |  -nan | 100.0 |  16.0
       Dungeon | 100.0 | 100.0 |  -nan |  -nan | 100.0 |  16.0
               +-------+-------+-------+-------+-------+----------------------
